 Dungeon Crawl Stone Soup version 0.28.0 (webtiles) character file.

Game seed: 640797446619186570

592 Ablot the Grasshopper (level 7, -1/56 HPs)
             Began as a Gnoll Warper on Feb 17, 2022.
             Was an Initiate of Cheibriados.
             Succumbed to Longtemps's ghost's poison
             ... on level 2 of the Dungeon.
             The game lasted 00:09:30 (4492 turns).

Ablot the Grasshopper (Gnoll Warper)                Turns: 4492, Time: 00:09:31

Health: -1/56      AC: 11    Str: 18 (19) XL:     7   Next: 39%
Magic:  15/15      EV: 12    Int: 11 (13) God:    Cheibriados [......]
Gold:   181        SH:  0    Dex: 12 (13) Spells: 14/17 levels left

rFire   . . .      SeeInvis .   l - +1 dagger (holy)
rCold   . . .      Faith    .   (no shield)
rNeg    . . .      Spirit   .   p - +3 ring mail "Diemen" {-Cast Will+ Str+6}
rPois   .          Reflect  .   (no helmet)
rElec   .          Harm     .   x - +2 cloak {Stlth+}
rCorr   .          Rampage  .   (no gloves)
Will    +....      NoCast   +   (no boots)
Stlth   ++........              (no amulet)
HPRegen 0.18/turn               (no ring)
MPRegen 0.14/turn               (no ring)

@: lethally poisoned (-1 -> -13), very slow
A: fangs 1, strong nose, distributed training
a: Renounce Religion


You were on level 2 of the Dungeon.
You worshipped Cheibriados.
Cheibriados was noncommittal.
You visited 1 branch of the dungeon, and saw 3 of its levels.

You collected 181 gold pieces.

Inventory:

Hand Weapons
 a - a +0 spear
 l - a +1 dagger of holy wrath (weapon)
 w - a +2 quarterstaff of chaos
Missiles
 d - a boomerang of dispersal
 g - 62 stones
 k - 92 bolts
 n - 2 boomerangs
 s - a poisoned dart (quivered)
 z - 14 arrows
Armour
 b - a +0 leather armour
 h - a +1 chain mail of cold resistance
 p - the +3 ring mail "Diemen" (worn) {-Cast Will+ Str+6}
   (You found it on level 2 of the Dungeon)

   Str:       It affects your strength (+6).
   -Cast:     It prevents spellcasting.
   Will:      It increases your willpower.
 v - a +0 robe of willpower
 x - a +2 cloak of stealth (worn)
Wands
 u - a wand of flame (8)
Scrolls
 c - a scroll of blinking
 m - 2 scrolls of enchant armour {unknown}
 o - a scroll of amnesia {unknown}
 q - a scroll of silence {unknown}
 r - a scroll of acquirement {unknown}
 y - a scroll of holy word {unknown}
Potions
 e - a potion of lignification {unknown}
 f - a potion of cancellation {unknown}
 i - a potion of brilliance {unknown}
 j - 3 potions of degeneration
 t - a potion of haste {unknown}


   Skills:
 + Level 5.2 Fighting
 + Level 2.4 Short Blades
 + Level 2.4 Long Blades
 + Level 2.4 Axes
 + Level 2.4 Maces & Flails
 + Level 5.2 Polearms
 + Level 2.4 Staves
 + Level 2.4 Slings
 + Level 2.4 Bows
 + Level 2.4 Crossbows
 + Level 3.6 Throwing
 + Level 3.6 Armour
 + Level 5.2 Dodging
 + Level 2.4 Stealth
 + Level 2.4 Shields
 + Level 2.4 Unarmed Combat
 + Level 5.6 Spellcasting
 + Level 2.0 Conjurations
 + Level 2.0 Hexes
 + Level 2.0 Summonings
 + Level 2.0 Necromancy
 + Level 5.8 Translocations
 + Level 2.0 Transmutations
 + Level 2.0 Fire Magic
 + Level 2.0 Ice Magic
 + Level 2.0 Air Magic
 + Level 2.0 Earth Magic
 + Level 2.0 Poison Magic
 + Level 2.7 Invocations
 + Level 2.4 Evocations


You had 14 spell levels left.
You knew the following spells:

 Your Spells              Type           Power      Damage    Failure   Level
a - Apportation           Tloc           30%        N/A       3%          1
b - Blink                 Tloc           30%        N/A       4%          2

Your spell library contained the following spells:

 Spells                   Type           Power      Damage    Failure   Level
 Gell's Gravitas          Tloc           15%        N/A       10%         3
 Lesser Beckoning         Tloc           15%        N/A       10%         3
 Teleport Other           Tloc           15%        N/A       10%         3
 Animate Skeleton         Necr           14%        N/A       16%         1
 Summon Small Mammal      Summ           28%        N/A       16%         1
 Manifold Assault         Tloc           15%        N/A       65%         5


Dungeon Overview and Level Annotations

Branches:
Dungeon (3/15)

Altars:
Cheibriados

Shops:
D:2 [

Annotations:
D:2 Iidacon's ghost, amateur GrMo
D:3 Longtemps's ghost, weakling OpFE


Innate Abilities, Weirdness & Mutations

You have very sharp teeth.
Your uncanny sense of smell can sniff out nearby items.
Your experience applies equally to all skills.


Message History

Longtemps's ghost hits you but does no damage.
You hit Longtemps's ghost.
Longtemps's ghost convulses.
Longtemps's ghost is severely damaged.
You feel sick. Longtemps's ghost stares at you. Longtemps's ghost hits you.
* * * LOW HITPOINT WARNING * * *
You are lethally poisoned!
You hit Longtemps's ghost.
Longtemps's ghost convulses.
You bite Longtemps's ghost.
Longtemps's ghost is almost destroyed.
* * * LOW HITPOINT WARNING * * *
You feel very sick. Longtemps's ghost closely misses you.
Unknown command.
You closely miss Longtemps's ghost.
Longtemps's ghost is almost destroyed.
* * * LOW HITPOINT WARNING * * *
You feel sick. Longtemps's ghost misses you.
Unknown command.
You hit Longtemps's ghost.
You destroy Longtemps's ghost!
Cheibriados appreciates the change of pace.
* * * LOW HITPOINT WARNING * * *
You feel very sick.
Your Conjurations skill increases to level 2!
Your Hexes skill increases to level 2!
Your Summonings skill increases to level 2!
Your Necromancy skill increases to level 2!
Your Transmutations skill increases to level 2!
Your Fire Magic skill increases to level 2!
Your Ice Magic skill increases to level 2!
Your Air Magic skill increases to level 2!
Your Earth Magic skill increases to level 2!
Your Poison Magic skill increases to level 2!
Unknown command.
It was a potion of degeneration.
There was something very wrong with that liquid.
You feel weakened.
You feel dopey.
You feel clumsy.
You die...

.#######.##......#'##########
.....##......#.......#
####..#......#.......#
#.........#.......# #
#.........#.......#
####.........#####'###
'...........># #)#
####.........#####.# #
###.^.......W@..#
##.[......#####
#######..###.#)# .........#
#.#)# ...###.#.###.#.#
##.###.#..##.#.#
#.....#..##.#'####
#.....#..##......#
#.....##..#......#


You could see Iidacon's ghost.

Vanquished Creatures
  Sigmund (D:3)
  The ghost of Longtemps the Sneak, an amateur OpFE (D:2)
  A centaur (D:3)
  Crazy Yiuf (D:3)
  Jessica (D:3)
  Terence (D:2)
  2 orc wizards (D:3)
  A mummy (D:3)
  3 adders
  3 gnolls (D:2)
  2 worms
  2 dart slugs
  6 orcs
  An endoplasm (D:2)
  4 giant cockroaches (D:2)
  A goblin (D:2)
  4 hobgoblins
  2 jackals (D:3)
  3 quokkas
  5 ball pythons
  4 bats
  3 frilled lizards
  2 kobolds
  5 rats
59 creatures vanquished.

Vanquished Creatures (others)
  2 fungi (D:3)
2 creatures vanquished.

Grand Total: 61 creatures vanquished

Notes
Turn   | Place    | Note
-------+----------+-------------------------------------------
     0 | D:1      | Ablot the Gnoll Warper began the quest for the Orb.
     0 | D:1      | Reached XP level 1. HP: 20/20 MP: 6/6
   537 | D:1      | Found a faded altar of an unknown god.
   812 | D:1      | Reached XP level 2. HP: 25/26 MP: 7/7
   814 | D:1      | Learned a level 1 spell: Apportation
   924 | D:2      | Noticed Terence
  1560 | D:2      | Reached XP level 3. HP: 28/31 MP: 9/9
  1612 | D:2      | Identified the +3 ring mail "Diemen" {-Cast Will+ Str+6}
  1659 | D:2      | Reached skill level 5 in Spellcasting
  1716 | D:2      | Reached skill level 1 in Invocations
  1772 | D:2      | Reached skill level 1 in Short Blades
  1772 | D:2      | Reached skill level 1 in Long Blades
  1772 | D:2      | Reached skill level 1 in Axes
  1772 | D:2      | Reached skill level 1 in Maces & Flails
  1772 | D:2      | Reached skill level 1 in Staves
  1772 | D:2      | Reached skill level 1 in Slings
  1772 | D:2      | Reached skill level 1 in Bows
  1772 | D:2      | Reached skill level 1 in Crossbows
  1772 | D:2      | Reached skill level 1 in Stealth
  1772 | D:2      | Reached skill level 1 in Shields
  1772 | D:2      | Reached skill level 1 in Unarmed Combat
  1772 | D:2      | Reached skill level 1 in Evocations
  1778 | D:2      | Reached XP level 4. HP: 15/38 MP: 11/11
  2210 | D:2      | Killed Terence
  2211 | D:2      | Reached skill level 1 in Conjurations
  2211 | D:2      | Reached skill level 1 in Hexes
  2211 | D:2      | Reached skill level 1 in Summonings
  2211 | D:2      | Reached skill level 1 in Necromancy
  2211 | D:2      | Reached skill level 1 in Transmutations
  2211 | D:2      | Reached skill level 1 in Fire Magic
  2211 | D:2      | Reached skill level 1 in Ice Magic
  2211 | D:2      | Reached skill level 1 in Air Magic
  2211 | D:2      | Reached skill level 1 in Earth Magic
  2211 | D:2      | Reached skill level 1 in Poison Magic
  2350 | D:2      | Found Doicseb's Antique Armour Boutique.
  2435 | D:3      | Found a runed translucent gate.
  2435 | D:3      | Found a runed translucent gate.
  2435 | D:3      | Found a runed translucent gate.
  2437 | D:3      | Noticed Longtemps's ghost (weakling OpFE)
  2437 | D:3      | Noticed Longtemps's ghost (amateur OpFE)
  2437 | D:3      | Noticed Iidacon's ghost (amateur GrMo)
  2707 | D:3      | Reached XP level 5. HP: 39/43 MP: 12/12
  2740 | D:3      | Learned a level 2 spell: Blink
  2970 | D:3      | Found a runed translucent door.
  2971 | D:3      | Noticed Crazy Yiuf
  2979 | D:3      | Killed Crazy Yiuf
  3113 | D:3      | Noticed a centaur
  3147 | D:3      | Killed a centaur
  3148 | D:3      | Reached XP level 6. HP: 10/50 MP: 14/14
  3566 | D:3      | Noticed Sigmund
  3607 | D:3      | Killed Sigmund
  3608 | D:3      | Reached skill level 5 in Fighting
  3608 | D:3      | Reached skill level 5 in Polearms
  3608 | D:3      | Reached skill level 5 in Dodging
  3821 | D:3      | Noticed Jessica
  3841 | D:3      | Killed Jessica
  3842 | D:3      | Reached XP level 7. HP: 49/56 MP: 15/15
  4317 | D:3      | Found a snail-covered altar of Cheibriados.
  4335 | D:3      | Became a worshipper of Cheibriados the Contemplative
  4491 | D:2      | Killed Longtemps's ghost
  4491 | D:2      | HP: 1/56 [poisoned by Longtemps's ghost]
  4492 | D:2      | Succumbed to Longtemps's ghost's poison

Illustrated notes

Levels and vault maps discovered:
D:1:      nzn_arrival_settlement, layout_basic, basic_ecumenical_altar
D:2:      layout_basic, serial_shops,
          nicolae_shop_temple_entry_statues_fountains, uniq_terence
D:3:      layout_basic, slow_altar_2, gammafunk_ghost_cemetery, serial_glass,
          glass_columns_a, glass_columns_b, glass_columns_a, glass_columns_b,
          glass_columns_c, glass_columns_a, glass_columns_a, glass_columns_b,
          supply_closet_lemuel, uniq_crazy_yiuf_cottage, uniq_jessica,
          uniq_sigmund

Skill      XL: |  1  2  3  4  5  6  7 |
---------------+----------------------+-----
Spellcasting   | 5 |  5.6
Invocations    | 1 2 |  2.7
Short Blades   | 1 2 |  2.4
Long Blades    | 1 2 |  2.4
Axes           | 1 2 |  2.4
Maces & Flails | 1 2 |  2.4
Staves         | 1 2 |  2.4
Slings         | 1 2 |  2.4
Bows           | 1 2 |  2.4
Crossbows      | 1 2 |  2.4
Stealth        | 1 2 |  2.4
Shields        | 1 2 |  2.4
Unarmed Combat | 1 2 |  2.4
Evocations     | 1 2 |  2.4
Conjurations   | 1 2 |  2.0
Hexes          | 1 2 |  2.0
Summonings     | 1 2 |  2.0
Necromancy     | 1 2 |  2.0
Transmutations | 1 2 |  2.0
Fire Magic     | 1 2 |  2.0
Ice Magic      | 1 2 |  2.0
Air Magic      | 1 2 |  2.0
Earth Magic    | 1 2 |  2.0
Poison Magic   | 1 2 |  2.0
Throwing       | 3 |  3.6
Armour         | 3 |  3.6
Fighting       | 5 |  5.2
Polearms       | 5 |  5.2
Dodging        | 5 |  5.2
Translocations | |  5.8

Action                   |  1- 3 |  4- 6 |  7- 9 || total
-------------------------+-------+-------+-------++-------
Melee: Spear             |   108 |   194 |    23 ||   325
       Bite              |     7 |    21 |     2 ||    30
       Punch             |     3 |     4 |     1 ||     8
       Dagger            |       |       |    14 ||    14
Throw: Dart              |     1 |     4 |       ||     5
       Boomerang         |       |     4 |       ||     4
  Use: Potion            |       |       |     1 ||     1
 Stab: Sleeping          |       |     1 |     2 ||     3
Armor: Leather armour    |    10 |       |       ||    10
       Ring mail         |     4 |    74 |     9 ||    87
Dodge: Dodged            |    41 |    94 |    17 ||   152
